[Event "Early-Titled-Tuesday-Blitz-February-20-2024"]
[Site "Chess.com"]
[Date "2024.02.20"]
[Round "6"]
[White "Yeritsyaan"]
[Black "KanalSzachowy"]
[Result "0-1"]
[WhiteElo "2606"]
[BlackElo "2448"]
[TimeControl "180+1"]
[EndTime "9:09:04 PST"]
[Termination "KanalSzachowy won by resignation"]

1. c4 c5 2. Nc3 Nc6 3. g3 g6 4.
Bg2 Bg7 5. e4 d6 6. Nge2 Nf6 7.
d3 O-O 8. O-O Ne8 9. Be3 Nc7 10. d4 cxd4 11. Nxd4 Be6 12. b3 Qd7 13. Rc1 Bg4 14. f3 Be6 15. Qd2 Bh3 16. Rfd1 Bxg2 17. Kxg2 Ne6 18. Nxc6 Qxc6 19. Nd5 Rae8 20. Bh6 Bxh6 21.
Qxh6 Nc7 22. h4 Nxd5 23. exd5 Qd7 24. Qf4 e5 25. dxe6 Rxe6 26. Re1 Rfe8 27. Rxe6 Rxe6 28.
Rc2 Qe7 29. Kf2 Re1 30. Rd2 Rh1 31. Qe4 Qf6 32. Re2 Qa1 33. Ke3 Qc1+ 34. Kd4 Rd1+ 35. Qd3 Rxd3+ 36. Kxd3 Qd1+ 37. Ke3 Qc1+ 38. Kd3 Qf1 39.
Ke3 Qg1+ 40. Kf4 Qc1+ 41. Ke4 f5+ 42. Kd3 Qd1+ 43. Ke3 d5 44. cxd5 Qxd5 45. Rd2 Qe5+ 46. Kf2 Qa5 47. Re2 Qc5+ 48. Kg2 Kf7 49. f4 Qd5+ 50. Kh2 Qf3 51. Rc2 Qd1 52. Rc7+ Ke6 53. Rxb7 Qd2+ 54. Kh3 Qd5 0-1

[Event "Early-Titled-Tuesday-Blitz-February-20-2024"]
[Site "Chess.com"]
[Date "2024.02.20"]
[Round "6"]
[White "ikhasu"]
[Black "Mikasinski"]
[Result "0-1"]
[WhiteElo "2460"]
[BlackElo "2637"]
[TimeControl "180+1"]
[EndTime "9:09:06 PST"]
[Termination "Mikasinski won on time"]

1. d4 Nf6 2. Bf4 g6 3. Nc3 d5 4. e3 Bg7 5. h4 h5 6. Nf3 O-O 7. Ne5 c5 8. Qd2 Nc6 9. O-O-O cxd4 10. exd4 Bf5 11. f3 Rc8 12. Nxc6 Rxc6 13. Bd3 Bxd3 14. Qxd3 Qa5 15. Rhe1 Rfc8 16. Rxe7 Rxc3 17. bxc3 Qa3+ 18. Kd2 Qxe7 19. Re1 Qa3 20. Bg5 Nh7 21. Be7 Qxa2 22. Bd6 Nf6 23. Qb5 Qa6 24. Qxa6 bxa6 25. Bc5 Re8 26. Rb1 Bh6+ 27. Kd1 Nd7 28. Bxa7 Ra8 29. Rb7 Nf8 30. c4 dxc4 31. d5 Rd8 32. Ke1 Rxd5 33.
Rb8 Kh7 34. Rb7 Rf5 35. Ke2 Ne6 36. g4 hxg4 37. fxg4 Rf4 38. Be3 Re4 39. g5 Nxg5 40. hxg5 Bxg5 41. Rxf7+ Kg8 42. Rc7 Rxe3+ 43. Kd1 Re4 44. Rc6 Kh7 45. Rxa6 Kh6 46. Ra3 Kh5 47. Rg3 Kh4 48. Rg1 Kh5 49. Rh1+ Bh4 50. Kd2 g5 51. Rg1 Rg4 52. Rh1 Rf4 53. Ke3 Kg6 54. Rd1 Bf2+ 55.
Ke2 g4 56. Rd6+ Kg5 57. Rd5+ Kh4 58. Kf1 Bd4+ 59. Kg2 c3 60. Rd7 Rf2+ 61. Kh1 Rd2 62. Rh7+ Kg3 63. Rh3+ Kf4 64. Rf3+ Ke4 65. Rf4+ Kd5 66.
Rf5+ Be5 67. Rg5 g3 0-1

[Event "Early-Titled-Tuesday-Blitz-February-20-2024"]
[Site "Chess.com"]
[Date "2024.02.20"]
[Round "6"]
[White "Goffredo_Fofi"]
[Black "vovachesss"]
[Result "0-1"]
[WhiteElo "2551"]
[BlackElo "2813"]
[TimeControl "180+1"]
[EndTime "9:09:07 PST"]
[Termination "vovachesss won by checkmate"]

1. e4 e5 2. Nc3 Nf6 3. g3 d5 4. exd5 c6 5. Bg2 cxd5 6. d4 e4 7. Bg5 Nc6 8. Nge2 Be7 9. Qd2 h6 10. Bxf6 Bxf6 11. Nf4 Be6 12. Nxe6 fxe6 13. Ne2 O-O 14.
c3 Bg5 15. Qd1 Qb6 16. Qb3 Qa6 17. Rd1 Rf7 18. Bf1 Na5 19. Qc2 Raf8 20. Nf4 Qd6 21. Nh3 Bd8 22. Bg2 g5 23. O-O e5 24. dxe5 Qxe5 25. Qe2 Bb6 26. Kh1 Nc6 27. Rd2 Qe6 28. Rfd1 Ne5 29. Rxd5 Ng4 30. Bxe4 Rxf2 31. Nxf2 Nxf2+ 32. Kg2 Qh3+ 33. Kg1 Nxe4+ 34. Kh1 Nf2+ 35. Kg1 Nxd1+ 36.
Kh1 Rf1+ 37. Qxf1 Qxf1# 0-1

[Event "Early-Titled-Tuesday-Blitz-February-20-2024"]
[Site "Chess.com"]
[Date "2024.02.20"]
[Round "6"]
[White "ARMQUEEN"]
[Black "yaguigor"]
[Result "0-1"]
[WhiteElo "2495"]
[BlackElo "2678"]
[TimeControl "180+1"]
[EndTime "9:09:07 PST"]
[Termination "yaguigor won by resignation"]

1. e4 c5 2. Nc3 Nc6 3. Bb5 Nd4 4. Bc4 e6 5. Nge2 Nf6 6. O-O a6 7. a4 d6 8. d3 Qc7 9. Nxd4 cxd4 10. Ne2 Nxe4 11.
Bxe6 fxe6 12. dxe4 e5 13. f4 Bg4 14. h3 Bh5 15.
Qd3 Rc8 16. Ng3 Bf7 17. Rf2 g6 18. fxe5 dxe5 19. Bg5 Bg7 20. Qa3 Qc5 21. Qxc5 Rxc5 22. Raf1 Bc4 23. Re1 Rf8 24. Rd2 Be6 25. c3 h6 26.
cxd4 exd4 27. Bh4 Rf4 28. Ne2 Rxh4 29. Nxd4 Bxd4+ 30. Rxd4 Rf4 31. Red1 Ke7 32. Rb4 b5 33. Rbd4 Rc4 34. axb5 Rxd4 35. Rxd4 axb5 36. Rb4 Bd7 37.
g3 Rf3 38. Kg2 Rd3 39. h4 Kd6 40. e5+ Kxe5 41. Kf2 h5 42. Kg2 Bc6+ 43. Kh2 Rd2+ 44. Kh3 Bd7+ 45. g4 hxg4+ 46. Kg3 Rd3+ 47. Kf2 g3+ 48.
Kg2 Bc6+ 0-1

[Event "Early-Titled-Tuesday-Blitz-February-20-2024"]
[Site "Chess.com"]
[Date "2024.02.20"]
[Round "6"]
[White "Huragan007"]
[Black "Rosh1610"]
[Result "1-0"]
[WhiteElo "2614"]
[BlackElo "2390"]
[TimeControl "180+1"]
[EndTime "9:09:07 PST"]
[Termination "Huragan007 won by resignation"]

1. e4 c5 2. b3 d6 3. Bb2 e5 4. Bc4 Nc6 5. Ne2 Nf6 6. d3 d5 7.
exd5 Nxd5 8. O-O Be6 9. Re1 Bd6 10. Nbc3 Nc7 11. Ne4 O-O 12. N2g3 b5 13. Bxe6 Nxe6 14. Qh5 Nf4 15. Qg4 Ng6 16. Nf5 Be7 17. Re3 Nd4 18. Bxd4 exd4 19. Rh3 h6 20. Neg3 Bg5 21. Nh5 Bf6 22. Nf4 Bg5 23. Nh5 Bf6 24. Re1 Re8 25.
Nxh6+ Kf8 26. Rxe8+ Qxe8 27. Qe4 Qxe4 28. dxe4 Bg5 29.
Nf5 Re8 30. f3 f6 31. Nhxg7 Nf4 32. Rh8+ Kf7 33. Rxe8 Ne2+ 34. Kf2 1-0

[Event "Early-Titled-Tuesday-Blitz-February-20-2024"]
[Site "Chess.com"]
[Date "2024.02.20"]
[Round "6"]
[White "gm_rashid"]
[Black "stratacticos"]
[Result "1-0"]
[WhiteElo "2460"]
[BlackElo "1994"]
[TimeControl "180+1"]
[EndTime "9:09:07 PST"]
[Termination "gm_rashid won on time"]

1. d4 Nf6 2. c4 c5 3. d5 b5 4. Nc3 b4 5. Nb1 g6 6. b3 Bg7 7. Bb2 O-O 8. Nf3 a5 9. Nbd2 a4 10. Rb1 axb3 11. axb3 Ra2 12. Qc1 d6 13. e4 e6 14. Bd3 exd5 15. cxd5 Ba6 16. Bxa6 Nxa6 17. O-O Nc7 18. Re1 Nb5 19. Nc4 Rxb2 20. Rxb2 Nc3 21.
Nfd2 Re8 22. f3 Nh5 23. Nf1 Bd4+ 24. Nce3 Nf4 25. Kh1 Nd3 26. Qd2 Nxb2 27. Qxb2 Nxe4 28. Qc2 Qh4 29. Qe2 Nc3 30. Qd2 Nxd5 31. g3 Qg5 32. Nxd5 Rxe1 33. Qxg5 Rxf1+ 34. Kg2 Rf2+ 35. Kh3 f5 36. Qe7 Rxf3 37. Nc7 1-0

[Event "Early-Titled-Tuesday-Blitz-February-20-2024"]
[Site "Chess.com"]
[Date "2024.02.20"]
[Round "6"]
[White "dianamirza"]
[Black "Sofia_Blokhin"]
[Result "0-1"]
[WhiteElo "1984"]
[BlackElo "2242"]
[TimeControl "180+1"]
[EndTime "9:09:07 PST"]
[Termination "Sofia_Blokhin won by resignation"]

1. d4 f5 2. Nf3 Nf6 3. e3 g6 4.
Bd3 Bg7 5. b3 O-O 6. Bb2 d6 7.
Nbd2 b6 8. O-O Bb7 9. Qe2 Ne4 10. c4 Qe8 11. Rab1 h6 12. d5 Nc3 13. Bxc3 Bxc3 14. Nd4 e5 15. dxe6 c5 16. Nb5 Bxd2 17. Qxd2 Qe7 18. Bc2 Rd8 19. Rbd1 d5 20. Qc3 a6 21.
Na3 Qxe6 22. cxd5 Rxd5 23. f3 Nd7 24. e4 Rxd1 25. Rxd1 fxe4 26. Bxe4 Bxe4 27. fxe4 Ne5 28. Rd5 Re8 29. Qd2 Qg4 30. Qe3 g5 31. h3 Qe6 32. Nc2 Ng6 33. Qd3 Nf4 34. Rd6 Nxd3 35. Rxe6 Rxe6 36. Ne3 Rxe4 37. Nc4 Re1+ 38. Kh2 b5 39.
Nd6 Nc1 40. Kg3 Nxa2 0-1

[Event "Early-Titled-Tuesday-Blitz-February-20-2024"]
[Site "Chess.com"]
[Date "2024.02.20"]
[Round "6"]
[White "vladgoncharov"]
[Black "mbchess97"]
[Result "1-0"]
[WhiteElo "2650"]
[BlackElo "2463"]
[TimeControl "180+1"]
[EndTime "9:09:08 PST"]
[Termination "vladgoncharov won on time"]

1. d4 Nf6 2. c4 e6 3. Nf3 d5 4.
Nc3 Bb4 5. Qa4+ Nc6 6. e3 O-O 7. Qc2 b6 8. a3 Bxc3+ 9. Qxc3 Ne4 10. Qc2 Ne7 11. Bd3 Bb7 12. O-O f5 13. b4 dxc4 14. Bxc4 Nd5 15. Ne5 Qh4 16. f3 Nd6 17. Bd3 Rf6 18.
Qf2 Qh5 19. Bd2 Rh6 20. h3 Rf6 21. Rac1 Nf7 22. Nxf7 Qxf7 23. b5 a6 24. a4 axb5 25. Bxb5 Qh5 26. Qe2 Raf8 27. Bc6 Bxc6 28. Rxc6 Rg6 29.
Kh2 f4 30. e4 Nf6 31. Rxe6 Qg5 32. d5 Qg3+ 33. Kh1 Rh6 34. Qf2 Rxh3+ 35. gxh3 Qxh3+ 36. Kg1 Nh5 37. Qg2 Qh4 38. Qg4 Qxg4+ 39. fxg4 Ng3 40. Re1 g5 41. Re7 f3 42. Kf2 Ne2 43. Bxg5 Nd4 44. Bh6 Rf6 45. g5 Rf4 46. Rg1 Ne2 47. Rf1 1-0

[Event "Early-Titled-Tuesday-Blitz-February-20-2024"]
[Site "Chess.com"]
[Date "2024.02.20"]
[Round "6"]
[White "patzersame"]
[Black "ketster"]
[Result "0-1"]
[WhiteElo "2391"]
[BlackElo "2574"]
[TimeControl "180+1"]
[EndTime "9:09:08 PST"]
[Termination "ketster won by resignation"]

1. e4 e6 2. d4 d5 3. e5 c5 4. Qg4 cxd4 5. Nf3 Ne7 6. Bd3 Nbc6 7. O-O Nf5 8. Bxf5 exf5 9. Qg3 Be6 10.
Re1 h6 11. h4 Qc7 12. Nbd2 O-O-O 13. Nb3 Be7 14. Nbxd4 Nxd4 15. Nxd4 g5 16. h5 f4 17. Qb3 Bc5 18. c3 Bg4 19. Nb5 Qb6 20. Nd6+ Rxd6 21. exd6 Bxf2+ 22. Kf1 Bxe1 23. Qxb6 axb6 24. Kxe1 Re8+ 25.
Kf1 Kd7 26. a4 Kxd6 27. a5 bxa5 28. Rxa5 Be2+ 29. Kf2 Bxh5 30. b3 Re2+ 31. Kf1 Rc2 32. Ba3+ Ke6 33. Bb4 g4 34. Rb5 g3 35. c4 Be2+ 36. Ke1 dxc4 37. bxc4 Bxc4 38. Rxb7 Rxg2 39. Rb6+ Kf5 40. Rxh6 Rg1+ 41. Kd2 g2 42. Bc5 Rf1 43. Kc3 Be6 44. Bd4 g1=Q 45. Rf6+ Ke4 46. Bxg1 Rxg1 47. Rxe6+ fxe6 0-1

[Event "Early-Titled-Tuesday-Blitz-February-20-2024"]
[Site "Chess.com"]
[Date "2024.02.20"]
[Round "6"]
[White "HeroWilczek"]
[Black "mary-sanna"]
[Result "1-0"]
[WhiteElo "2474"]
[BlackElo "2160"]
[TimeControl "180+1"]
[EndTime "9:09:08 PST"]
[Termination "HeroWilczek won on time"]

1. e4 c5 2. Nc3 Nc6 3. Bb5 Nd4 4. Nf3 Nxb5 5. Nxb5 a6 6. Nc3 d6 7. O-O Nf6 8. d3 g6 9. Bg5 Bg7 10. Qd2 h6 11.
Bf4 e5 12. Bg3 Nh5 13. a4 Nxg3 14. hxg3 O-O 15. Rfe1 Be6 16. Nh2 f5 17. exf5 Bxf5 18.
Nd5 Be6 19. c4 Bxd5 20. cxd5 Kh7 21. Qc2 Qf6 22. Ng4 Qf7 23. Ne3 b5 24. f3 h5 25.
Qb3 Qb7 26. Nd1 Qb6 27. Kh2 Rfb8 28. Nc3 bxa4 29. Qxb6 Rxb6 30. Re2 Rb3 31. Rxa4 Rab8 32. Rxa6 Rxb2 33. Rxb2 Rxb2 34. Rxd6 h4 35. Ne4 hxg3+ 36. Kxg3 Rb3 37. Nxc5 Rc3 38. Rc6 Bf8 39. Ne6 Rxd3 40. Nxf8+ Kg7 41. Nxg6 Rxd5 42. Ne7 Rd2 43. Nf5+ Kf7 44.
Nd6+ Ke7 45. Ne4 Rd1 46. Kg4 1-0

[Event "Early-Titled-Tuesday-Blitz-February-20-2024"]
[Site "Chess.com"]
[Date "2024.02.20"]
[Round "6"]
[White "EsmeraldasAnderson03"]
[Black "FREDERICKtheMATE"]
[Result "0-1"]
[WhiteElo "2526"]
[BlackElo "2684"]
[TimeControl "180+1"]
[EndTime "9:09:09 PST"]
[Termination "FREDERICKtheMATE won by checkmate"]

1. d4 d5 2. c4 c6 3. cxd5 cxd5 4. Nc3 Nf6 5. Nf3 Nc6 6. Bf4 a6 7. e3 Bf5 8. Bd3 Bxd3 9. Qxd3 e6 10. O-O Bd6 11. Bxd6 Qxd6 12. h3 O-O 13. Rac1 Rac8 14. Na4 Nd7 15. Nc5 Nxc5 16. dxc5 Qe7 17. a3 Rfd8 18.
b4 e5 19. Qf5 g6 20. Qg5 f6 21. Qg3 g5 22. h4 h6 23. Rfd1 Qe6 24. Rd2 Kf7 25. Rcd1 g4 26. Nh2 h5 27. f3 f5 28.
fxg4 hxg4 29. h5 Ne7 30. Rf1 Ke8 31. Qh4 Kd7 32. h6 Rh8 33. h7 Qg6 34. Nxg4 Qxg4 35. Qf6 Rxh7 36. Qxe5 Qg6 37. e4 Qh6 38. Re2 Qh1+ 39.
Kf2 Qh4+ 40. Kg1 fxe4 41. Rf6 Qh5 42. Qd6+ Ke8 43. Kf2 Qh4+ 44. Ke3 Rf7 45. Re6 Qg5+ 46. Kd4 Qg7+ 47. Ke3 Qc3# 0-1

[Event "Early-Titled-Tuesday-Blitz-February-20-2024"]
[Site "Chess.com"]
[Date "2024.02.20"]
[Round "6"]
[White "sokidze"]
[Black "platy3"]
[Result "0-1"]
[WhiteElo "2787"]
[BlackElo "2964"]
[TimeControl "180+1"]
[EndTime "9:09:10 PST"]
[Termination "platy3 won by resignation"]

1. d4 Nf6 2. c4 e6 3. Nf3 d5 4. g3 dxc4 5. Bg2 a6 6. Ne5 Bb4+ 7. Nc3 Nd5 8. O-O O-O 9. Nxc4 Bxc3 10. bxc3 Nxc3 11.
Qc2 Qxd4 12. Na5 Nd5 13. Ba3 Re8 14. e4 Qc3 15. Qxc3 Nxc3 16. Bb2 Na4 17. Be5 b6 18. Nc4 Ra7 19. Rfc1 Nc6 20. Rab1 b5 21. Ba1 Bd7 22. Nd2 e5 23. Nb3 f6 24. Nc5 Nxc5 25.
Rxc5 Nd8 26. Rbc1 Ne6 27. Rd5 c5 28. Bh3 c4 29. Rcd1 Bc8 30. Bxe6+ Bxe6 31. Rc5 Ree7 32.
Bc3 Red7 33. Rxd7 Rxd7 34. Kg2 Rd3 35. Bb4 Bg4 36. h3 Bf3+ 37. Kh2 h5 38. Rc8+ Kh7 39. Rc7 Rd1 40. g4 h4 0-1

[Event "Early-Titled-Tuesday-Blitz-February-20-2024"]
[Site "Chess.com"]
[Date "2024.02.20"]
[Round "6"]
[White "Kildepiotr"]
[Black "ural58"]
[Result "1-0"]
[WhiteElo "2674"]
[BlackElo "2516"]
[TimeControl "180+1"]
[EndTime "9:09:11 PST"]
[Termination "Kildepiotr won by resignation"]

1. Nf3 Nc6 2. g3 d5 3. Bg2 e5 4. O-O g6 5. c4 Nge7 6. cxd5 Nxd5 7. Nc3 Nxc3 8. bxc3 Bg7 9. Ba3 Bg4 10. Qa4 Qd7 11.
Rab1 Nd8 12. Qa5 Bxf3 13. Bxf3 c6 14. d4 exd4 15. cxd4 b6 16. Qa6 Rc8 17. Rfd1 Rc7 18. h4 Bf8 19. Bxf8 Kxf8 20. d5 c5 21. h5 Qd6 22. Kg2 f6 23. a4 Nf7 24. a5 bxa5 25.
Rb8+ Ke7 26. Qb5 Rxb8 27. Qxb8 c4 28. Qg8 c3 29. Qxh7 g5 30. Be4 Ke8 31. Bg6 Qf8 32. d6 Rd7 33. h6 a4 34. Bxf7+ Qxf7 35. Qe4+ Kf8 36. Qa8+ Qe8 37. Qf3 Qg6 38. Qc6 Qf7 39. Qxc3 Kg8 40. Qc6 Kh7 41. Qe4+ Qg6 42. Qe6 Qf7 43.
Qxf7+ 1-0

[Event "Early-Titled-Tuesday-Blitz-February-20-2024"]
[Site "Chess.com"]
[Date "2024.02.20"]
[Round "6"]
[White "Skatchkov_V"]
[Black "falzehope0"]
[Result "1-0"]
[WhiteElo "2609"]
[BlackElo "2400"]
[TimeControl "180+1"]
[EndTime "9:09:11 PST"]
[Termination "Skatchkov_V won by resignation"]

1. d4 e6 2. c4 d5 3. Nf3 c6 4.
Nc3 f5 5. g3 Bd6 6. Bg2 Nf6 7.
O-O O-O 8. b3 Nbd7 9. a4 Qe7 10.
Bb2 f4 11. Qc2 fxg3 12. hxg3 Ng4 13. e4 Qe8 14. e5 Qh5 15. Rfe1 Bb4 16. Re2 b6 17.
Nd1 Ba6 18. Ne3 Nh6 19. Nh2 Rf7 20. Bc3 Be7 21. a5 b5 22. f4 bxc4 23. bxc4 Raf8 24. Rf2 g5 25. g4 Qh4 26. f5 Bxc4 27. Nxc4 dxc4 28.
f6 Nxf6 29. exf6 Bd6 30. Nf3 Qg3 31. Ne5 Bxe5 32. dxe5 Nxg4 33. Rf3 Qh2+ 34. Kf1 Qh5 35. Rh3 Nh2+ 36. Kg1 Qg4 37. Kxh2 h5 38. Rf1 h4 39.
Qe4 Qh5 40. Bf3 Qh6 41. Rg1 Rd8 42. Rxh4 Rc8 43. Rxh6 1-0

[Event "Early-Titled-Tuesday-Blitz-February-20-2024"]
[Site "Chess.com"]
[Date "2024.02.20"]
[Round "6"]
[White "adotand"]
[Black "DreamsAreFake"]
[Result "0-1"]
[WhiteElo "2933"]
[BlackElo "2767"]
[TimeControl "180+1"]
[EndTime "9:09:12 PST"]
[Termination "DreamsAreFake won by checkmate"]

1. e4 c6 2. d4 d5 3. e5 c5 4. Nf3 Bg4 5. dxc5 Nc6 6. Be3 e6 7. Nbd2 Nge7 8. c3 Ng6 9. Be2 Be7 10. b4 O-O 11. O-O Bxf3 12. Nxf3 Ngxe5 13. a3 Nxf3+ 14. Bxf3 Qc7 15. Be2 Rfd8 16. Rc1 Bf6 17. Bd3 a5 18.
Qh5 g6 19. Qf3 Bg7 20. Bg5 Rdc8 21. Qe2 axb4 22. axb4 Ra3 23. Qd2 Ne5 24. Bb5 b6 25. f4 Nc4 26. Bxc4 dxc4 27. cxb6 Qxb6+ 28. Kh1 Rca8 29. Rfd1 h6 30. Be7 Qc6 31. Bc5 Qe4 32. Rc2 Bxc3 33.
Rxc3 Ra2 34. Re1 Rxd2 35. Rxe4 Rd1+ 36. Bg1 Raa1 37. h3 Rxg1+ 38. Kh2 Rh1+ 39. Kg3 Ra2 40. Rexc4 Rb1 41. Kf3 Rab2 42. Rd3 Kg7 43. Rdd4 h5 44. g3 Rb3+ 45. Ke4 Re1# 0-1

[Event "Early-Titled-Tuesday-Blitz-February-20-2024"]
[Site "Chess.com"]
[Date "2024.02.20"]
[Round "6"]
[White "arenal72"]
[Black "margarita_2703"]
[Result "1-0"]
[WhiteElo "2574"]
[BlackElo "2387"]
[TimeControl "180+1"]
[EndTime "9:09:12 PST"]
[Termination "arenal72 won by resignation"]

1. Nf3 d5 2. g3 Nf6 3. Bg2 e6 4. O-O Be7 5. d3 O-O 6. Nbd2 b6 7.
e4 Ba6 8. Re1 c5 9. exd5 exd5 10. b3 Nbd7 11. d4 Re8 12. Bb2 Rc8 13. Ne5 Bd6 14.
Ndf3 Ne4 15. Nxd7 Qxd7 16. Ne5 Bxe5 17. dxe5 Qf5 18. Qf3 Qg6 19. Rad1 Bb7 20. Qf4 Rcd8 21. c4 Ng5 22. h4 Ne6 23. Qf3 Ba8 24. cxd5 Nc7 25.
h5 Qc2 26. Qc3 Qxc3 27. Bxc3 Bxd5 28. f4 Bxg2 29. Kxg2 Nd5 30. Bd2 Ne7 31. Kf3 Nf5 32.
Bc3 h6 33. g4 Ne7 34. Rd6 Nd5 35. Rxd8 Rxd8 36. Rd1 Kf8 37. Be1 Ke8 38. Bh4 Ne7 39. Rxd8+ Kxd8 40. Ke4 Kd7 41. g5 Ng8 42. f5 hxg5 43.
Bxg5 Nh6 44. f6 Ng8 45. fxg7 Ke6 46. h6 f5+ 47. exf6 Kf7 48. h7 Nxf6+ 49. Bxf6 Kxf6 50. g8=Q 1-0

[Event "Early-Titled-Tuesday-Blitz-February-20-2024"]
[Site "Chess.com"]
[Date "2024.02.20"]
[Round "6"]
[White "ValentunHulka"]
[Black "DonkyDonkyDonkey"]
[Result "0-1"]
[WhiteElo "2773"]
[BlackElo "2919"]
[TimeControl "180+1"]
[EndTime "9:09:14 PST"]
[Termination "DonkyDonkyDonkey won by resignation"]

1. d4 Nf6 2. c4 g6 3. Nc3 d5 4. cxd5 Nxd5 5. e4 Nxc3 6. bxc3 Bg7 7. Nf3 c5 8. Bb5+ Nc6 9. O-O O-O 10. Bxc6 bxc6 11.
Qc2 Bg4 12. Ne5 Bd7 13. Rd1 Qc8 14. Nxd7 Qxd7 15. dxc5 Qe6 16. Be3 Rab8 17. Bd4 Qc4 18. Rac1 Rfd8 19. h3 a5 20. h4 a4 21. h5 a3 22. hxg6 Rb2 23. gxh7+ Kxh7 24. Qd3 Qxd3 25. Rxd3 e5 26. Rh3+ Kg8 27. Be3 Rxa2 28. Rh1 Rb2 29. Kh2 a2 30. Ra1 Ra8 31. Rhd1 Bf8 32. Kg3 Kg7 33. Kg4 Kg6 34. g3 Ra4 35. Kf3 Be7 36. Re1 f5 37. exf5+ Kxf5 38. Kg2 e4 39. Bd4 Bg5 40.
g4+ Kxg4 41. Rxe4+ Kf5 42. Re5+ Kg6 43. Re6+ Kf7 44. Ree1 Bf6 45. Kf3 Ra3 46. Re3 Rb1 47. Bxf6 Kxf6 0-1

[Event "Early-Titled-Tuesday-Blitz-February-20-2024"]
[Site "Chess.com"]
[Date "2024.02.20"]
[Round "6"]
[White "WiseKing_08"]
[Black "Leonid_Starozhilov"]
[Result "0-1"]
[WhiteElo "2433"]
[BlackElo "2675"]
[TimeControl "180+1"]
[EndTime "9:09:14 PST"]
[Termination "Leonid_Starozhilov won on time"]

1. e4 g6 2. d4 Bg7 3. Nc3 d6 4.
Be3 a6 5. h4 h5 6. Nh3 Bxh3 7.
Rxh3 e6 8. Bd3 Nc6 9. Ne2 Nf6 10. f3 b5 11. Qd2 Qd7 12. c3 Rb8 13. a4 O-O 14.
Bh6 bxa4 15. Bxg7 Kxg7 16. Rxa4 a5 17. Ra2 Rb6 18. Qg5 Nh7 19. Qd2 Rfb8 20. g4 Nf6 21. Rg3 e5 22. d5 Ne7 23. Qg5 hxg4 24. h5 Neg8 25. fxg4 Rxb2 26. Rxb2 Rxb2 27. hxg6 fxg6 28. Kf2 Qf7 29. Rf3 Qe7 30. Qc1 Rb8 31. Kg3 a4 32.
Qa3 Ra8 33. Ng1 Nh6 34. g5 Nh5+ 35. Kh4 Nf7 36. Nh3 Rh8 37. Kg4 Qd7+ 38. Rf5 Nf4 39. Nxf4 exf4 40. c4 Ne5+ 41. Kxf4 gxf5 42. exf5 Rh4+ 43.
Kg3 Rg4+ 44. Kh3 Rxg5 0-1

[Event "Early-Titled-Tuesday-Blitz-February-20-2024"]
[Site "Chess.com"]
[Date "2024.02.20"]
[Round "6"]
[White "Licancabur"]
[Black "jodarmarlon1985"]
[Result "1-0"]
[WhiteElo "2408"]
[BlackElo "2179"]
[TimeControl "180+1"]
[EndTime "9:09:16 PST"]
[Termination "Licancabur won on time"]

1. Nf3 f5 2. d4 Nf6 3. g3 g6 4.
Bg2 Bg7 5. O-O O-O 6. b3 d6 7. Bb2 Ne4 8. Nbd2 Nxd2 9. Nxd2 c5 10. e3 Nc6 11. Nc4 Na5 12. dxc5 Bxb2 13. Nxb2 dxc5 14.
Qe1 Be6 15. Qc3 Qc7 16. Nd3 Rac8 17. Ne5 b5 18. a3 Rfd8 19. Rfd1 c4 20. b4 Nb7 21.
Nc6 Rd6 22. Nxa7 Rcd8 23. Rxd6 Nxd6 24. Nc6 Rd7 25. Qe5 Bf7 26. Rd1 Ne4 27. Qxc7 Rxc7 28. Bxe4 fxe4 29. Ne5 Be6 30. Rd8+ Kg7 31. Rb8 Kf6 32.
Rxb5 c3 33. g4 h6 34. h4 g5 35. h5 Ra7 36. Nc6 Rxa3 37. Nd4 1-0

[Event "Early-Titled-Tuesday-Blitz-February-20-2024"]
[Site "Chess.com"]
[Date "2024.02.20"]
[Round "6"]
[White "Navyblue1"]
[Black "Chesstiger64"]
[Result "1-0"]
[WhiteElo "2155"]
[BlackElo "2311"]
[TimeControl "180+1"]
[EndTime "9:09:16 PST"]
[Termination "Navyblue1 won on time"]

1. d4 d6 2. c4 e5 3. dxe5 dxe5 4. Qxd8+ Kxd8 5. Nf3 Nd7 6. Nc3 c6 7. Bd2 f6 8. O-O-O Kc7 9. Ne1 a5 10. f4 Ne7 11.
Nd3 Ng6 12. f5 Ne7 13. e4 g6 14. g4 h5 15. fxg6 hxg4 16. Be2 Nb6 17. Nf2 Nxg6 18.
b3 Ba3+ 19. Kc2 f5 20. exf5 Bxf5+ 21. Bd3 Bxd3+ 22. Nxd3 Rag8 23. Ne4 a4 24. Bc3 axb3+ 25. axb3 Nd7 26. Rdg1 Rh4 27. b4 Rgh8 28. Kb3 Rxh2 29.
Rxh2 Rxh2 30. Kxa3 Rh3 31. Ndf2 Rf3 32. Rxg4 Nf4 33.
Kb2 Ne2 34. Nd1 Nxc3 35. Ndxc3 Nb6 36. Rg7+ Kb8 37. Kb3 Nc8 38. c5 Re3 39. Kc4 Rh3 40. b5 cxb5+ 41. Nxb5 Rh4 42. Kd5 Rh1 43. Nbd6 Rd1+ 44.
Kxe5 1-0

[Event "Early-Titled-Tuesday-Blitz-February-20-2024"]
[Site "Chess.com"]
[Date "2024.02.20"]
[Round "6"]
[White "GM_Huschenbeth"]
[Black "Hilary46"]
[Result "0-1"]
[WhiteElo "2486"]
[BlackElo "2666"]
[TimeControl "180+1"]
[EndTime "9:09:17 PST"]
[Termination "Hilary46 won on time"]

1. e4 e5 2. Nf3 Nc6 3. Bc4 Bc5 4.
d3 Nf6 5. a4 a5 6. Be3 Bxe3 7.
fxe3 O-O 8. Nc3 d6 9. Qe2 Be6 10. Bxe6 fxe6 11. O-O-O Qd7 12. h3 Nb4 13. g4 c6 14. d4 exd4 15. exd4 d5 16. Ne5 Qd8 17. Rhf1 dxe4 18. g5 Nfd5 19. Nxe4 Qb6 20. Nd7 Na2+ 21. Kb1 Nac3+ 22. Nxc3 Nxc3+ 23. Ka1 Nxe2 24. Nxb6 Rxf1 25. Rxf1 Rf8 26. Re1 Nxd4 27. Kb1 Re8 28. Nc4 Nf3 29. Re3 Nxg5 30. Nxa5 Re7 31. Nb3 e5 32. a5 Kf7 33.
Nc5 Kf6 34. b4 Kf5 35. h4 Ne6 36. Nd3 e4 37. Nf2 Nd4 38. c3 Kf4 0-1

[Event "Early-Titled-Tuesday-Blitz-February-20-2024"]
[Site "Chess.com"]
[Date "2024.02.20"]
[Round "6"]
[White "lucasran"]
[Black "Schachmalanders"]
[Result "0-1"]
[WhiteElo "2634"]
[BlackElo "2480"]
[TimeControl "180+1"]
[EndTime "9:09:17 PST"]
[Termination "Schachmalanders won on time"]

1. Nf3 Nf6 2. c4 e6 3. g3 d5 4. Bg2 c6 5. b3 Be7 6. O-O O-O 7. Bb2 b6 8. d4 Bb7 9. Nc3 Nbd7 10. Qc2 c5 11. cxd5 Nxd5 12. Nxd5 Bxd5 13. e4 Bb7 14. Rfd1 cxd4 15. Nxd4 Rc8 16. Qe2 Qe8 17. Rac1 Nc5 18. Rc2 g6 19. Rdc1 e5 20. Nf3 Bxe4 21. Rxc5 Rxc5 22. Qxe4 Rxc1+ 23. Bxc1 Bf6 24. Bb2 Qe6 25. h4 Re8 26. Ng5 Qd6 27. Qb7 Qd1+ 28. Kh2 Bxg5 29. hxg5 Qd2 30. Ba3 e4 31. Be7 Qxf2 32.
Bf6 e3 33. Qd7 Rf8 34. Bd4 Qd2 35. Qd6 e2 36. Qf6 Qxd4 37. Qxd4 e1=Q 38. Qa4 Qd2 39.
Qxa7 Qxg5 40. Qxb6 h5 41. Qb4 Rd8 42. a4 Rd3 43.
Qb8+ Kg7 44. a5 h4 45. gxh4 Qxh4+ 46. Kg1 Rd1+ 47. Bf1 Qg4+ 48. Kf2 Qf5+ 49. Ke3 Rxf1 0-1

[Event "Early-Titled-Tuesday-Blitz-February-20-2024"]
[Site "Chess.com"]
[Date "2024.02.20"]
[Round "6"]
[White "rquery98"]
[Black "baki83"]
[Result "1-0"]
[WhiteElo "2777"]
[BlackElo "2888"]
[TimeControl "180+1"]
[EndTime "9:09:18 PST"]
[Termination "rquery98 won by resignation"]

1. c4 e5 2. g3 Nf6 3. Bg2 c6 4. Nf3 e4 5. Nd4 d5 6. cxd5 cxd5 7. d3 Bc5 8. Nb3 Bb4+ 9. Bd2 Be7 10. dxe4 Nxe4 11.
Nc3 f5 12. Be3 Be6 13. Nd4 Bc8 14. Nb3 Be6 15. Nd4 Bc8 16. O-O Nc6 17. Rc1 Bf6 18. Nxe4 fxe4 19. Nxc6 bxc6 20. Rxc6 O-O 21. Bd4 Rb8 22.
b3 Bb7 23. Rc2 a5 24. Qd2 Ra8 25. Rfc1 a4 26. b4 Ba6 27. Rc5 Be7 28. R5c2 a3 29. Bc5 Rf7 30. Qd4 Bf6 31. Qd2 Bb2 32. Rd1 Bb7 33. Bxe4 Qf6 34. Bf3 Rd8 35. Bd4 Qf5 36. Bxb2 axb2 37. Rxb2 d4 38. Qd3 Bxf3 39. Qxf5 Rxf5 40.
exf3 Rxf3 41. Rbd2 d3 42. Kg2 Rc8 43. Kxf3 1-0

[Event "Early-Titled-Tuesday-Blitz-February-20-2024"]
[Site "Chess.com"]
[Date "2024.02.20"]
[Round "6"]
[White "Jumbo"]
[Black "wonderfultime"]
[Result "0-1"]
[WhiteElo "2822"]
[BlackElo "3063"]
[TimeControl "180+1"]
[EndTime "9:09:19 PST"]
[Termination "wonderfultime won by resignation"]

1. Nf3 d5 2. g3 Nd7 3. Bg2 e5 4. O-O Ngf6 5. c4 dxc4 6. Qa4 a6 7. Nxe5 b5 8. Nc6 bxa4 9. Nxd8 Rb8 10. Nc6 Rb6 11.
Nc3 Nc5 12. f4 Bd7 13. Ne5 Bb5 14. d4 cxd3 15. exd3 Ne6 16. Be3 Bc5 17. Bxc5 Nxc5 18. d4 Ne6 19. Rfe1 O-O 20. Rad1 Be8 21. Rd2 g6 22. a3 Kg7 23. Nc4 Rb8 24. Re5 Bb5 25. Na5 Rfd8 26. Nxb5 Rxb5 27. Nc6 Rd6 28. Rxb5 axb5 29.
Kf2 Nd7 30. d5 Nec5 31. Nd4 Rb6 32. Rc2 b4 33. axb4 Rxb4 34. Nc6 Rxb2 35. Rxb2 Nd3+ 36.
Ke3 Nxb2 37. Kd2 Nc4+ 38. Kc3 Ne3 39. Bf3 Nb6 40. Nb4 Kf6 41. h4 Nf5 42. g4 Nxh4 43. Be4 Ke7 44. g5 Kd6 45. Kd4 Nf5+ 46. Bxf5 gxf5 47. Nd3 a3 0-1